AoeStats
← 鄙人張麻子

MegaRandom

504939806Analyzed
4v4 RM · 26d ago on Sep 7, 2026· 47m 9s· 8 players
Game mode
Random Map
Map size
Large (8 player)
Population
200
Speed
Normal
Resources
Standard
Victory
Conquest
Starting age
Dark Age
Ending age
Imperial Age
RankedLock teamsTeams togetherTeam positionsShared explorationLock speedFull tech treeHidden civsTurbo modeCheats
Victory
Defeat
🇺🇸 Britons · United States
1218
+12
🇹🇼 Poles · Taiwan
1208
+12
🇺🇸 Aztecs · United States
1184
+13
🇹🇼 Wei · Taiwan
1163
+14
🇺🇸 Bohemians · United States
1164
-13
🇺🇸 Vietnamese · United States
1144
-14
🇮🇳 Mongols · India
1096
-12
🇺🇸 Persians · United States
1091
-12
ssindho
9:26 Feudal Age
10:14 Double-Bit Axe
12:25 Loom
20:38 Castle Age
19:41 Scale Barding Armor
20:24 Forging
21:14 Bloodlines
28:04 Iron Casting
Dickpantz
5:57 Loom
10:37 Feudal Age
13:43 Man-at-Arms
15:51 Double-Bit Axe
23:31 Stone Mining
23:31 Gold Mining
28:50 Castle Age
30:34 Fletching
32:50 Bodkin Arrow
Why my Micro hard
7:19 Loom
10:05 Feudal Age
12:21 Horse Collar
18:14 Scale Barding Armor
23:52 Castle Age
zzbs1234
9:49 Feudal Age
8:07 Loom
10:24 Feudal Age
11:00 Double-Bit Axe
14:16 Fletching
18:34 Castle Age
19:48 Crossbowman
20:57 Bow Saw
30:46 Pikeman
34:54 Chemistry
35:11 Wheelbarrow
36:55 Horse Collar
37:48 Ballistics
38:15 Hand Cart
40:05 Bodkin Arrow
41:13 Town Watch
42:39 Padded Archer Armor
Night Watchman
7:01 Loom
9:18 Feudal Age
10:23 Double-Bit Axe
20:27 Fletching
20:37 Padded Archer Armor
31:23 Castle Age
32:34 Crossbowman
33:11 Bodkin Arrow
34:06 Leather Archer Armor
34:13 Scale Barding Armor
35:23 Horse Collar
37:19 Elite Skirmisher
43:49 Town Watch
44:45 Wheelbarrow
47:38 Ballistics
47:29 Masonry
ibtip
9:23 Loom
11:46 Feudal Age
12:24 Double-Bit Axe
18:59 Gold Mining
19:59 Arson
20:48 Scale Mail Armor
21:01 Forging
22:39 Horse Collar
27:08 Castle Age
28:12 Squires
29:10 Eagle Warrior
32:40 Chain Mail Armor
37:43 Sanctity
39:44 Stone Mining
40:49 Iron Casting
40:45 Bow Saw
42:59 Wheelbarrow
45:11 Fervor
48:31 Imperial Age
Red
10:13 Feudal Age
10:24 Loom
10:48 Double-Bit Axe
13:11 Scale Barding Armor
13:16 Forging
14:24 Bloodlines
17:50 Horse Collar
25:54 Castle Age
24:52 Scale Mail Armor
24:58 Stone Mining
26:03 Light Cavalry
26:44 Husbandry
27:05 Chain Barding Armor
31:29 Wheelbarrow
31:44 Heavy Plow
34:23 Hand Cart
45:06 Sanctity
44:57 Fervor
44:42 Herbal Medicine
46:50 Gold Mining
47:35 Stone Shaft Mining
鄙人張麻子
6:58 Loom
9:19 Feudal Age
11:08 Fletching
12:39 Double-Bit Axe
17:51 Wheelbarrow
23:42 Castle Age
21:41 Horse Collar
21:49 Double-Bit Axe
22:40 Padded Archer Armor
22:46 Town Watch
22:54 Gold Mining
23:43 Crossbowman
24:19 Bodkin Arrow
25:26 Bow Saw
26:13 Ballistics
31:01 Fervor
31:23 Hand Cart
31:30 Hand Cart
31:39 Heavy Plow
31:52 Thumb Ring
33:59 Sanctity
36:48 Imperial Age
35:06 Leather Archer Armor
35:28 Stone Mining
35:31 Gold Mining
35:23 Pikeman
37:41 Bracer
39:45 Chemistry
40:00 Conscription
41:09 Ming Guang Armor
43:55 Husbandry
44:07 Bloodlines
43:34 Elite Tiger Cavalry
45:14 Town Patrol
45:50 Scale Barding Armor
47:41 Crop Rotation
47:55 Chain Barding Armor
47:46 Forging
Connection lost

Rejoining the realm…

Still unreachable

The connection could not be restored.

Session expired

The server has moved on; the page needs a fresh start.